 Dungeon Crawl Stone Soup version 0.31-a0-1522-g43313d8a59 (webtiles) character file.

Game seed: 7919005902273494866

75 whatisthis the Chopper (level 4, -2/55 HPs)
             Began as a Human Berserker on Dec 30, 2023.
             Was a Believer of Trog.
             Slain by Natasha (3 damage)
             ... on level 2 of the Dungeon.
             The game lasted 00:03:04 (711 turns).

whatisthis the Chopper (Human Berserker)             Turns: 711, Time: 00:03:05

Health: -2/55      AC:  2    Str: 20    XL:     4   Next: 31%
Magic:  4/4        EV: 12    Int:  7    God:    Trog [**....]
Gold:   9          SH:  0    Dex: 12    Spells: 3/3 levels left

rFire   . . .        a - +0 hand axe
rCold   . . .        (no shield)
rNeg    . . .        b - +0 animal skin
rPois   .            (no helmet)
rElec   .            (no cloak)
rCorr   .            (no gloves)
SInv    .            (no boots)
Will    .....        h - amulet of regeneration Stlth
                     (no ring)
HPRegen 1.09/turn    (no ring)
MPRegen 0.09/turn

%: no passive effects
@: berserking (expiring), slowed
A: explore regen
a: Renounce Religion, Berserk, Trog's Hand


You were on level 2 of the Dungeon.
You worshipped Trog.
Trog was pleased with you.
You visited 1 branch of the dungeon, and saw 2 of its levels.

You collected 9 gold pieces.

Inventory:

Hand Weapons
 a - a +0 hand axe (weapon)
Missiles
 c - 16 stones
 i - 6 datura-tipped darts
Armour
 b - a +0 animal skin (worn)
Jewellery
 h - an amulet of regeneration (around neck)
Scrolls
 g - a scroll of noise {unknown}
 k - a scroll of blinking {unknown}
 l - a scroll of teleportation {unknown}
Potions
 d - a potion of brilliance {unknown}
 e - a potion of invisibility {unknown}
 f - 4 potions of curing {unknown}
 j - a potion of enlightenment {unknown}


   Skills:
 + Level 4.1 Fighting
 + Level 4.1 Axes
 - Level 2.0 Armour
 - Level 2.0 Dodging


You had 3 spell levels left.
You didn't know any spells.
Your spell library was empty.

Dungeon Overview and Level Annotations

Branches:
Dungeon (2/15)

Altars:

Annotations:
D:2 Natasha


Innate Abilities, Weirdness & Mutations

You regain HP and MP as you explore.


Message History

Natasha closely misses you.
The cerulean imp hits you from afar with a +1 spear.
You miss Natasha.
Natasha is heavily wounded.
Natasha casts a spell.
The cerulean imp hits you from afar with a +1 spear.
You closely miss Natasha.
Natasha is heavily wounded.
Your skin stops crawling.
You feel less strong-willed. Natasha closely misses you.
The cerulean imp hits you from afar with a +1 spear.
You closely miss Natasha.
Natasha is heavily wounded.
The cerulean imp closely misses you. Natasha claws you but does no damage.
The cerulean imp hits you from afar with a +1 spear.
* * * LOW HITPOINT WARNING * * *
You barely miss Natasha.
Natasha is heavily wounded.
The cerulean imp barely misses you.
Natasha mumbles some strange words.
The cerulean imp closely misses you. The cerulean imp barely misses you.
Natasha claws you.
* * * LOW HITPOINT WARNING * * *
You hit Natasha.
Natasha is severely wounded.
You hit the cerulean imp.
The cerulean imp hits you from afar with a +1 spear.
* * * LOW HITPOINT WARNING * * *
The cerulean imp misses you. The cerulean imp closely misses you.
Natasha stares at you and mumbles some strange words.
The magic dart hits you.
* * * LOW HITPOINT WARNING * * *
You hit Natasha.
Natasha is severely wounded.
You closely miss the cerulean imp.
The cerulean imp hits you from afar with a +1 spear.
* * * LOW HITPOINT WARNING * * *
Natasha claws you.
You die...
Natasha begins licking her fur clean.

...#.# #...#.h
##..... #....#
#...⌠ . ##..#
##.######...+
...#......5h###
..........5.@⌠#
##.........5#+
#.....###.......
#.##..###.#...##
.. ##.....###.# .
####..#
#.#########
#...###.##......##
#....##.#<.......#
#....##...).......


You could see Natasha and 3 cerulean imps.

Vanquished Creatures
  Natasha (D:2)
  An adder (D:2)
  A dart slug (D:1)
  5 endoplasms
  2 giant cockroaches (D:1)
  4 goblins
  8 hobgoblins (D:1)
  A quokka (D:2)
  4 ball pythons (D:1)
  5 frilled lizards (D:1)
  2 kobolds (D:1)
  3 rats (D:1)
37 creatures vanquished.

Notes
Turn   | Place    | Note
-------+----------+-------------------------------------------
     0 | D:1      | whatisthis the Human Berserker began the quest for the Orb.
     0 | D:1      | Reached XP level 1. HP: 18/18 MP: 1/1
   104 | D:1      | Reached XP level 2. HP: 24/24 MP: 2/2
   325 | D:1      | Reached XP level 3. HP: 20/29 MP: 3/3
   326 | D:1      | Reached ** piety under Trog
   665 | D:2      | Noticed Natasha
   674 | D:2      | Killed Natasha
   675 | D:2      | Reached XP level 4. HP: 37/37 MP: 4/4
   689 | D:2      | Noticed Natasha
   710 | D:2      | HP: 2/55 [Natasha/magic dart (4)]
   711 | D:2      | Slain by Natasha

Illustrated notes

Levels and vault maps discovered:
D:1:      noname_arrival_rooms_in_the_neighbourhood, layout_basic,
          chequers_mini_garden, minmay_octomino_c4
D:2:      layout_rooms, serial_shops, nicolae_shop_real_fake_doors, basic_altar,
          dreamdust_ecumenical_altar_hidden_monk_grotto, uniq_sigmund,
          uniq_natasha

Skill      XL: |  1  2  3 |
---------------+----------+-----
Fighting       | 4 |  4.1
Axes           | 4 |  4.1
Armour         | |  2.0
Dodging        | |  2.0

Action                     |  1- 3 |  4- 6 || total
---------------------------+-------+-------++-------
  Melee: Hand axe          |   112 |    14 ||   126
         Punch             |     1 |       ||     1
 Invoke: Berserk           |       |     1 ||     1
         Trog's Hand       |       |     1 ||     1
   Stab: Distracted        |     1 |       ||     1
         Sleeping          |     1 |       ||     1
 Armour: Animal skin       |    46 |    21 ||    67
  Dodge: Dodged            |    51 |    15 ||    66

Table legend: (Time is in decaauts)
 A = Elapsed time spent in this place.
 B = Non-inter-level travel time spent in this place.
 C = Inter-level travel time spent in this place.
 D = Time resting spent in this place.
 E = Time spent auto-exploring this place.
 F = Levels seen in this place.
 G = Mean time per level.
                   A        B        C        D        E       F      G
               +--------+--------+--------+--------+--------+-----+--------+
         Total |    728 |    712 |     16 |    102 |    292 |   2 |  364.0 |
       Dungeon |    728 |    712 |     16 |    102 |    292 |   2 |  364.0 |
               +--------+--------+--------+--------+--------+-----+--------+

Top non-repeatable levels by time:
     D:1: 638 daAuts
     D:2: 89 daAuts
